 Dungeon Crawl Stone Soup version 0.28-a0-1395-g4f6bc678fa (webtiles) character file.

Game seed: 8131991033697674960

395344 RepHenryClay the Ruinous (level 22, -1/127 HPs)
             Began as a Deep Elf Conjurer on Jan 3, 2022.
             Was the Champion of Vehumet.
             Killed from afar by a titan (46 damage)
             ... with a bolt of lightning
             ... on level 3 of the Depths on Jan 5, 2022.
             The game lasted 03:02:14 (76087 turns).

RepHenryClay the Ruinous (Deep Elf Conjurer)       Turns: 76087, Time: 03:02:15

Health: -1/127     AC: 11    Str: 12    XL:     22   Next: 17%
Magic:  8/43       EV: 31    Int: 45    God:    Vehumet [******]
Gold:   1201       SH: 23    Dex: 26    Spells: 1/52 levels left

rFire   + + +      SeeInvis .   a - staff of conjuration
rCold   + + +      Faith    .   V - +2 shield of Resistance {rF++ rC++ Will++}
rNeg    + + .      Spirit   .   p - +2 robe of Theory {rN++}
rPois   +          Reflect  +   H - +0 helmet of Plog {Int+4}
rElec   .          Harm     .   R - +1 cloak
rCorr   .          Rampage  .   W - +2 pair of gloves
Will    +++..                   r - +0 pair of boots "Peepn" {Will- Str+8 Dex+9 Slay-6}
Stlth   +++.......              T - amulet "Gohuqaimn" {Reflect *Corrode +Blink rC+ SH+5}
HPRegen 0.31/turn               D - ring "Jurchick" {rPois rF+}
MPRegen 0.28/turn               w - +10 ring of intelligence

@: very slightly contaminated, studying 2 skills
A: no striking features
}: 2/15 runes: serpentine, gossamer
a: Renounce Religion, Evoke Blink


You were on level 3 of the Depths.
You worshipped Vehumet.
Vehumet was exalted by your worship.
You visited 9 branches of the dungeon, and saw 42 of its levels.
You also visited: Sewer, Bailey and Gauntlet.

You collected 4799 gold pieces.
You spent 3598 gold pieces at shops.

Inventory:

Missiles
 S - 5 throwing nets (quivered)
Armour
 l - a scarf of resistance
 n - a +1 pair of boots of flying
 p - the +2 robe of Theory (worn) {rN++}
   (You bought it in a shop on level 2 of the Vaults)

   rN:        It greatly protects you from negative energy.
 r - the +0 pair of boots "Peepn" (worn) {Will- Str+8 Dex+9 Slay-6}
   (You found it in a Gauntlet)

   Str:       It affects your strength (+8).
   Dex:       It affects your dexterity (+9).
   Slay:      It affects your accuracy & damage with ranged weapons and melee
   (-6).
   Will:      It decreases your willpower.
 H - the +0 helmet of Plog (worn) {Int+4}
   (You found it on level 4 of the Vaults)

   Int:       It affects your intelligence (+4).
 L - a +0 robe of the Archmagi
 R - a +1 cloak (worn)
 V - the +2 shield of Resistance (worn) {rF++ rC++ Will++}
   (You acquired it on level 14 of the Dungeon)

   rF:        It greatly protects you from fire.
   rC:        It greatly protects you from cold.
   Will:      It greatly increases your willpower.
 W - a +2 pair of gloves (worn)
Magical Staves
 a - a staff of conjuration (weapon)
Jewellery
 t - an amulet of regeneration
 w - a +10 ring of intelligence (right hand)
 x - a ring of wizardry
 D - the ring "Jurchick" (left hand) {rPois rF+}
   (You found it on level 3 of the Elven Halls)

   [ring of poison resistance]

   rF:        It protects you from fire.
   rPois:     It protects you from poison.
 F - a ring of willpower
 P - a ring of see invisible
 T - the amulet "Gohuqaimn" (around neck) {Reflect *Corrode +Blink rC+ SH+5}
   (You found it on level 5 of the Lair of Beasts)

   [amulet of reflection]

   It reflects blocked missile attacks.
   rC:        It protects you from cold.
   +Blink:    It lets you blink.
   *Corrode:  It may corrode you when you take damage.
   SH:        It affects your SH (+5).
Wands
 u - a wand of digging (4)
 z - a wand of acid (4)
 B - a wand of mindburst (8)
 G - a wand of paralysis (19)
 N - a wand of iceblast (8)
Scrolls
 b - 7 scrolls of enchant armour
 f - 2 scrolls of amnesia
 s - 8 scrolls of teleportation
 A - 5 scrolls of magic mapping
 E - 5 scrolls of fear
 I - 3 scrolls of blinking
 K - a scroll of acquirement
 O - 5 scrolls of enchant weapon
 Q - a scroll of holy word
 U - 13 scrolls of identify {@r1}
 X - 5 scrolls of summoning
 Z - 5 scrolls of fog
Potions
 c - 6 potions of might
 d - 7 potions of cancellation
 e - 4 potions of heal wounds
 g - 7 potions of brilliance
 j - a potion of invisibility
 k - 2 potions of magic
 m - 7 potions of haste
 o - 9 potions of attraction
 q - 7 potions of mutation
 v - 14 potions of curing
 C - 11 potions of ambrosia
 J - 2 potions of resistance
 M - 5 potions of flight
Miscellaneous
 h - a box of beasts
 i - a condenser vane
 y - a phantom mirror
 Y - a lightning rod (4/4)


   Skills:
 - Level 9.7 Fighting
 - Level 19.1 Dodging
 - Level 3.6 Stealth
 - Level 15.0 Shields
 - Level 15.5 Spellcasting
 - Level 21.0 Conjurations
 - Level 5.2 Hexes
 - Level 5.8 Necromancy
 - Level 5.8 Translocations
 + Level 20.3 Fire Magic
 - Level 7.6 Earth Magic
 - Level 9.0 Poison Magic
 - Level 7.0 Evocations


You had one spell level left.
You knew the following spells:

 Your Spells              Type           Power      Damage    Failure   Level
a - Orb of Destruction    Conj           73%        9d19      1%          7
b - Fireball              Conj/Fire      73%        3d27      0%          5
c - Iskenderun's Mystic   Conj/Tloc      100%       2d19      1%          4
d - Iron Shot             Conj/Erth      64%        9d12      1%          6
e - Sublimation of Blood  Necr           72%        N/A       1%          2
f - Ignition              Fire           60%        3d16      1%          8
g - Fire Storm            Conj/Fire      73%        8d18      4%          9
h - Dispel Undead         Necr           72%        3d24      1%          4
i - Starburst             Conj/Fire      73%        6d19      0%          6

Your spell library contained the following spells:

 Spells                   Type           Power      Damage    Failure   Level
 Shatter                  Erth           40%        3d31*     99%         9
 Magic Dart               Conj           100%       1d8       0%          1
 Shock                    Conj/Air       100%       1d9       0%          1
 Freeze                   Ice            100%       1d11      1%          1
 Slow                     Hex            100%       N/A       1%          1
 Sting                    Tmut/Pois      100%       1d8       1%          1
 Searing Ray              Conj           100%       2d8       0%          2
 Static Discharge         Conj/Air       100%       N/A       0%          2
 Conjure Flame            Conj/Fire      100%       6-21      0%          3
 Dazzling Flash           Conj/Hex       100%       N/A       0%          3
 Sticky Flame             Conj/Fire      100%       2d11      0%          4
 Blink                    Tloc           100%       N/A       1%          2
 Corpse Rot               Necr/Air       100%       N/A       1%          2
 Passwall                 Tmut/Erth      51%        N/A       1%          2
 Poisonous Vapours        Pois/Air       100%       N/A       1%          2
 Wereblood                Tmut           35%        N/A       1%          2
 Confusing Touch          Hex            70%        N/A       1%          3
 Frozen Ramparts          Ice            70%        1d9       1%          3
 Gell's Gravitas          Tloc           73%        N/A       1%          3
 Ignite Poison            Fire/Tmut/Pois 89%        N/A       1%          3
 Lesser Beckoning         Tloc           73%        N/A       1%          3
 Teleport Other           Tloc           73%        N/A       1%          3
 Tukima's Dance           Hex            70%        N/A       1%          3
 Vampiric Draining        Necr           72%        2d11      1%          3
 Airstrike                Air            17%        N/A       1%          4
 Animate Dead             Necr           36%        N/A       1%          4
 Cause Fear               Hex            35%        N/A       1%          4
 Fulminant Prism          Conj/Hex       62%        3d27      1%          4
 Hailstorm                Conj/Ice       100%       3d20      1%          4
 Leda's Liquefaction      Hex/Erth       37%        N/A       1%          4
 Olgreb's Toxic Radiance  Pois           86%        N/A       1%          4
 Passage of Golubria      Tloc           73%        N/A       1%          4
 Petrify                  Tmut/Erth      62%        N/A       1%          4
 Borgnjor's Vile Clutch   Necr/Erth      38%        N/A       1%          5
 Freezing Cloud           Conj/Ice/Air   49%        6-21      1%          5
 Irradiate                Conj/Tmut      57%        3d33      1%          5
 Lee's Rapid Deconstruct  Erth           40%        3d21*     1%          5
 Manifold Assault         Tloc           73%        N/A       1%          5
 Yara's Violent Unravell  Hex/Tmut       27%        3d12      1%          5
 Conjure Ball Lightning   Conj/Air       57%        3x3d21    1%          6
 Call Canine Familiar     Summ           35%        N/A       2%          3
 Ozocubu's Armour         Ice            35%        N/A       2%          3
 Swiftness                Air            35%        N/A       2%          3
 Lehudib's Crystal Spear  Conj/Erth      64%        10d15     3%          8
 Summon Forest            Summ/Tloc      28%        N/A       6%          5
 Summon Lightning Spire   Summ/Air       35%        N/A       7%          4
 Metabolic Englaciation   Hex/Ice        27%        N/A       7%          5
 Silence                  Hex/Air        27%        N/A       7%          5
 Summon Mana Viper        Hex/Summ       55%        N/A       7%          5
 Death Channel            Necr           36%        N/A       10%         6
 Statue Form              Tmut/Erth      41%        N/A       22%         6
 Simulacrum               Ice/Necr       28%        N/A       32%         6
 Summon Cactus Giant      Summ           17%        N/A       73%         6
 Ozocubu's Refrigeration  Ice            17%        4d8       80%         7
 Malign Gateway           Summ/Tloc      28%        N/A       87%         7
 Haunt                    Necr/Summ      28%        N/A       88%         7
 Chain Lightning          Conj/Air       57%        3d76      90%         9
 Dragon Form              Tmut           17%        N/A       99%         7
 Summon Hydra             Summ           17%        N/A       99%         7
 Discord                  Hex            35%        N/A       99%         8
 Disjunction              Tloc           36%        N/A       99%         8
 Necromutation            Tmut/Necr      28%        N/A       100%        8
 Summon Horrible Things   Summ           17%        N/A       100%        8
 Dragon's Call            Summ           17%        N/A       100%        9


Dungeon Overview and Level Annotations

Branches:
Dungeon (15/15)            Temple (1/1) D:4            Lair (6/6) D:8
  Snake (4/4) Lair:4       Spider (4/4) Lair:3        Slime (0/5) Lair:6
    Orc (2/2) D:11            Elf (3/3) Orc:2        Vaults (4/5) D:14
  Crypt (0/3) Vaults:2     Depths (3/4) D:15          Sewer (visited)
 Bailey (visited)         Gauntlet (visited)

Altars:
Ashenzari
Cheibriados
Dithmenos
Elyvilon
Fedhas
Gozag
Hepliaklqana
Kikubaaqudgha
Makhleb
Nemelex Xobeh
Okawaru
Qazlal
Ru
Sif Muna
Trog
Uskayaw
Vehumet
Wu Jian
Xom
Yredelemnul
Zin
The Shining One
Beogh
Lugonu

Shops:
D:7 !   D:10 (   Orc:2 ((*(   Elf:3 [   Snake:3 =   Snake:4 :   Vaults:1 *[([=
Vaults:2 [   Vaults:4 *   Depths:1 :=![

Portals:
Hell: Depths:1 Depths:2
Abyss: Lair:2 Depths:2
Pandemonium: Depths:2
Ziggurat: Depths:3
Trove: D:14 (give 2 scrolls of acquirement)

Annotations:
D:10 wyrmbane
D:14 exclusion: obsidian statue
D:15 36 runed doors
Snake:1 Roxanne
Orc:1 3 runed translucent doors, Lenoorr's ghost, journeyman DDFi; grumblor's ghost, journeyman VSFi
Elf:2 6 runed translucent doors, Foxy's ghost, adept SpEn; flotson's ghost, adept DsGl
Vaults:1 1 runed translucent door, Wimurch's ghost, veteran GnFi


Message History

Unknown command.
The titan mumbles some strange words.
The titan is healed somewhat.
Unknown command.
The fire dragon breathes flames at you. The blast of flame misses you.
The spriggan air mage barely misses you.
You hear a deafening roar!
Casting: Orb of Destruction (safe; 1% risk of failure)
Confirm with . or Enter, or press ? or * to list all spells.
You feel a surge of power!
You erupt in a blast of force!
The mystic blast hits the fire dragon!!
You kill the fire dragon!
Vehumet accepts your kill.
You feel your power returning.
The mystic blast hits the spriggan air mage!
The spriggan air mage is moderately wounded.
The spriggan air mage is knocked back by the mystic blast.
The spriggan air mage waves its arms in wide circles.
The air twists around and strikes you!!
* * * LOW HITPOINT WARNING * * *
Huge Dmg: -21%(-27hp) hp: 36%(45hp)
Casting: Iskenderun's Mystic Blast (safe; 1% risk of failure)
Confirm with . or Enter, or press ? or * to list all spells.
Casting: Starburst (safe; 0% risk of failure)
Press: ? - help, Dir - look around, f - activate
Okay, then.
Casting: Starburst (safe; 0% risk of failure)
Confirm with . or Enter, or press ? or * to list all spells.
Aiming: Orb of Destruction (safe; 1% risk of failure)
Press: ? - help, Shift-Dir - straight line, f - spriggan air mage
Aim: a spriggan air mage, wearing a +0 robe (lightly wounded, repelling missiles)
You feel a surge of power!
The wavering orb of destruction hits the spriggan air mage!!!
You blow up the spriggan air mage!
Vehumet accepts your kill.
You feel your power returning. The titan casts a spell at you.
The bolt of lightning hits you!!!
You die...

...................≈≈....##.#.##...
...............................§...
............................§§§....
.......................#.##...≈....
.).....................####........
.#....................<.# #...≈....
########................####..§)...
#.#.# #.................###.......
#.#.##....C....@.§§.....##....<..
#.#.#....>...○..§≈§(.#..#...§≈..
#.#.........[..§.§##.....§..≈.^
#.#........>......(..[#....§≈§
#.##...§§§.§.........=.#.≈..... #.#
#....§§§§.............≈..... #[#
#.....§§≈.............≈≈§... #)#
#......§§§...........≈§≈≈... #.#
#...............>..§≈≈......


You could see a titan.

Vanquished Creatures
  A juggernaut (Depths:2)
  Mara (Snake:4)
  Frederick (Depths:3)
  Boris (Depths:3)
  Saint Roka (Depths:1)
  Vashnia (Snake:4)
  the Enchantress (Depths:1)
  2 tentacled monstrosities
  The ghost of BubbleThief the Unseen, an adept KoBr of Dithmenos (Spider:2)
  A titan (Depths:2)
  3 deep elf blademasters (Elf:3)
  3 deep elf master archers (Elf:3)
  A walking frostbound tome (Depths:3)
  A sphinx (Vaults:3)
  2 tengu reavers
  Agnes (Elf:2)
  Donald (Snake:4)
  A shadow dragon (Depths:3)
  2 frost giants
  A fire giant (Depths:2)
  7 nagarajas
  A balrug (Gauntlet)
  10 vault wardens
  5 deep elf sorcerers
  Aizul (Snake:1)
  4 emperor scorpions
  An orc warlord (Orc:1)
  3 iron dragons
  A caustic shrike zombie (D:15)
  Louise (Spider:4)
  5 deep elf elementalists (Elf:3)
  6 ghost moths
  14 ironbound preservers
  5 stone giants
  16 very ugly things
  3 spriggan defenders (Depths:1)
  3 vampire knights
  A broodmother (Spider:4)
  An ironbound thunderhulk (Vaults:1)
  A war gargoyle (Vaults:1)
  Nessos (D:13)
  3 deep elf annihilators (Elf:3)
  Azrael (Spider:1)
  3 deep elf demonologists
  4 spark wasps
  6 entropy weavers
  10 dire elephants
  A minotaur (Gauntlet)
  6 ettins
  A merfolk impaler (Depths:1)
  5 deep elf death magi
  3 jiangshi
  6 yaktaur captains
  4 fire dragons
  A deep elf high priest (Elf:3)
  7 hydras
  2 ice dragons
  7 naga warriors
  A hell beast (Depths:2)
  2 peacekeepers
  19 vault guards
  8 great orbs of eyes
  3 salamander tyrants (Snake:4)
  2 boulder beetles
  11 ironbound frosthearts
  4 jorogumos
  4 spriggan air magi
  6 two-headed ogres
  8 centaur warriors
  Harold (D:8)
  3 death knights
  5 anacondas
  An ogre mage (D:15)
  A radroach (Spider:3)
  A two-headed ogre (shapeshifter) (Depths:2)
  13 death yaks
  3 vampire magi
  2 deep troll shamans (Depths:2)
  15 dancing weapons
  2 shock serpents
  4 deep troll earth magi
  13 naga sharpshooters
  3 spriggan berserkers (Depths:2)
  3 orc high priests (Orc:2)
  A sun demon (Depths:2)
  11 deep elf knights
  4 salamander mystics
  A storm dragon zombie (D:15)
  5 iron trolls
  7 sea snakes (Snake:4)
  4 pharaoh ants
  18 orb spiders
  13 skeletal warriors
  6 naga ritualists
  13 ironbound convokers
  3 steelbarb worms
  40 deep trolls
  A steelbarb worm (shapeshifter) (Depths:3)
  10 deep elf archers
  A flayed ghost (Depths:2)
  29 deep elf pyromancers
  27 deep elf zephyrmancers
  4 necromancers
  11 lindwurms
  6 orc knights
  10 wizards
  3 human zombies (Vaults:3)
  A manticore (D:12)
  7 orc sorcerers
  42 ugly things
  A frost giant zombie (Depths:1)
  20 wolf spiders
  6 cyclopes
  A sphinx skeleton (Vaults:3)
  A stone giant zombie (Vaults:3)
  2 moths of wrath (shapeshifter)
  3 moths of wrath
  A fire giant zombie (D:15)
  10 salamanders
  A wolf spider (shapeshifter) (Vaults:2)
  7 mana vipers
  4 elephants (Lair:4)
  3 guardian serpents (Snake:4)
  2 fire giant skeletons
  An iron dragon skeleton (Vaults:3)
  Maurice (Orc:1)
  34 black mambas
  18 naga magi
  An elf zombie (Vaults:3)
  Joseph (D:9)
  3 molten gargoyles (Lair:6)
  18 vault sentinels
  4 torpor snails
  Maggie (D:10)
  12 cane toads
  A gargoyle (D:11)
  A kobold demonologist (Elf:1)
  10 komodo dragons
  10 demonic crawlers
  An orange demon (Depths:2)
  4 rime drakes
  22 yaktaurs
  2 freezing wraiths
  A red devil (Depths:2)
  3 ice devils
  A spriggan skeleton (Depths:1)
  A komodo dragon (shapeshifter) (D:14)
  A tengu conjurer (Depths:1)
  A human skeleton (Vaults:3)
  A polar bear (Lair:5)
  A queen bee (Spider:2)
  10 trolls
  27 meliai
  A guardian mummy (D:15)
  18 slime creatures
  17 tarantellas
  17 hornets
  24 blink frogs
  11 dream sheep (Lair:6)
  An iron dragon simulacrum (Depths:1)
  A snapping turtle (shapeshifter) (D:13)
  5 spriggans
  3 large abominations (Gauntlet)
  24 culicivoras
  2 air elementals
  4 centaur simulacra
  26 jumping spiders
  7 wyverns
  3 wraiths
  6 fire elementals
  6 humans (D:14)
  5 water elementals
  61 yaks
  A hog (shapeshifter) (Depths:1)
  Eustachio (D:5)
  7 basilisks
  55 redbacks
  3 steam dragons (Lair:6)
  2 vampire mosquitoes (D:14)
  7 wargs
  40 nagas
  An acid dragon (D:12)
  12 water moccasins
  7 hell hounds
  2 floating eyes (Depths:2)
  27 orc warriors
  4 small abominations (Gauntlet)
  3 sky beasts
  4 ice beasts
  A hornet zombie (D:5)
  An ogre (shapeshifter) (Elf:1)
  5 wolves
  6 ogres
  A necrophage (D:7)
  10 boggarts
  6 centaurs
  2 phantoms
  3 kobold brigands
  10 bullfrogs
  3 scorpions
  3 earth elementals
  3 wyvern zombies
  5 gnoll sergeants
  A water moccasin skeleton (D:7)
  30 killer bees
  5 wights (D:9)
  9 electric eels
  4 howler monkeys
  2 bullfrog zombies (D:6)
  5 lava snakes (Lair:6)
  3 centaur zombies
  A gnoll shaman (D:5)
  13 orc priests
  2 centaur skeletons
  2 hounds
  13 jellies (Lair:6)
  4 iguanas
  17 orc wizards
  8 hell rats (Lair:5)
  A killer bee zombie (D:5)
  3 howler monkey zombies
  31 gnolls
  5 river rats (Sewer)
  9 adders
  3 white imps
  3 ufetubi
  An adder skeleton (D:4)
  5 worms
  2 dart slugs
  45 orcs
  7 ball pythons
  7 endoplasms
  3 giant cockroaches
  12 hobgoblins
  3 quokkas
  9 bats
  2 frilled lizards
  4 goblins
  27 kobolds
  25 rats
  3 fire vortices
  A lurking horror (Lair:2)
1664 creatures vanquished.

Vanquished Creatures (collateral kills)
  2 ironbound preservers (Vaults:4)
  An ironbound thunderhulk (Vaults:3)
  A fire giant skeleton (Depths:1)
  An orc priest (Orc:1)
  2 orcs
7 creatures vanquished.

Vanquished Creatures (others)
  A wizard (Vaults:2)
  A human (D:14)
  6 demonic plants (D:2)
  40 fire vortices
  108 fulminant prisms
  38 fungi
  117 plants
  24 withered plants
335 creatures vanquished.

Grand Total: 2006 creatures vanquished

Notes
Turn   | Place    | Note
-------+----------+-------------------------------------------
     0 | D:1      | RepHenryClay the Deep Elf Conjurer began the quest for the
                  | Orb.
     0 | D:1      | Reached XP level 1. HP: 10/10 MP: 6/6
   423 | D:1      | Reached XP level 2. HP: 15/15 MP: 5/8
  1161 | D:2      | Reached XP level 3. HP: 19/19 MP: 6/10
  1362 | D:2      | Learned a level 2 spell: Searing Ray
  1608 | D:2      | Reached XP level 4. HP: 24/24 MP: 7/11
  1775 | D:2      | Found a faded altar of an unknown god.
  2083 | D:3      | Found a glowing drain.
  2099 | Sewer    | Entered a sewer
  2111 | Sewer    | Learned a level 4 spell: Iskenderun's Mystic Blast
  2174 | Sewer    | Reached skill level 5 in Conjurations
  2429 | Sewer    | Reached XP level 5. HP: 11/28 MP: 1/13
  2787 | Sewer    | Reached skill level 6 in Conjurations
  3118 | D:3      | Reached XP level 6. HP: 32/32 MP: 9/14
  3196 | D:3      | Reached skill level 7 in Conjurations
  3517 | D:3      | Found a sparkling altar of Nemelex Xobeh.
  3524 | D:3      | Found a burning altar of Makhleb.
  4469 | D:4      | Found a staircase to the Ecumenical Temple.
  4487 | Temple   | Entered the Ecumenical Temple
  4742 | D:4      | Reached skill level 8 in Conjurations
  5615 | D:5      | Entered Level 5 of the Dungeon
  5615 | D:5      | Noticed Eustachio
  5675 | D:5      | Reached XP level 7. HP: 36/36 MP: 11/15
  5952 | D:5      | Reached skill level 9 in Conjurations
  6299 | D:5      | Learned a level 4 spell: Fulminant Prism
  6498 | D:5      | Reached skill level 10 in Conjurations
  6625 | D:6      | Reached XP level 8. HP: 41/41 MP: 11/16
  6797 | D:6      | Found a radiant altar of Vehumet.
  6828 | D:6      | Became a worshipper of Vehumet
  7109 | D:6      | Reached skill level 1 in Evocations
  7551 | D:6      | Reached skill level 5 in Dodging
  7551 | D:6      | Reached skill level 5 in Spellcasting
  8261 | D:7      | Found a flagged portal.
  8271 | D:7      | Identified the +6 scythe of Trauma {drain, Contam Will++}
  8278 | Bailey   | Entered a bailey
  8504 | D:7      | Reached XP level 9. HP: 18/45 MP: 2/19
  8722 | D:7      | Reached skill level 5 in Hexes
  9722 | D:7      | Reached * piety under Vehumet
  9722 | D:7      | Offered knowledge of Freeze by Vehumet.
  9907 | D:7      | Found a basalt altar of Yredelemnul.
 10080 | D:7      | Reached skill level 5 in Evocations
 10124 | D:7      | Found Deopri's Distillery.
 10130 | D:7      | Bought a potion of haste for 160 gold pieces
 10130 | D:7      | Bought a potion of curing for 48 gold pieces
 10585 | D:7      | Learned a level 2 spell: Sublimation of Blood
 10754 | D:8      | Reached skill level 1 in Necromancy
 11248 | D:8      | HP: 1/45 [bullfrog (3)]
 11283 | D:8      | Noticed a troll
 11573 | D:8      | Reached skill level 5 in Necromancy
 11573 | D:8      | Reached XP level 10. HP: 37/50 MP: 12/20
 11903 | D:8      | Found a staircase to the Lair.
 11910 | D:8      | Reached skill level 1 in Translocations
 12581 | D:8      | Noticed Harold
 12726 | D:8      | Offered knowledge of Sandblast by Vehumet.
 12727 | D:8      | Reached skill level 5 in Translocations
 13176 | D:9      | Reached ** piety under Vehumet
 13605 | D:9      | Noticed Joseph
 13849 | D:9      | Identified the +3 ring mail of Dogmatism {Rampage Drain
                  | Regen+ rCorr}
 13866 | D:9      | Found a hide-covered altar of Uskayaw.
 13886 | D:9      | Found an ornate altar of the Wu Jian Council.
 14151 | D:9      | Reached skill level 10 in Dodging
 14479 | Lair:1   | Entered Level 1 of the Lair of Beasts
 14493 | Lair:1   | Noticed a cane toad
 14507 | Lair:1   | Killed a cane toad
 14721 | Lair:1   | Reached XP level 11. HP: 35/54 MP: 4/21
 15235 | D:9      | Killed Joseph
 15556 | D:10     | Entered Level 10 of the Dungeon
 15596 | D:10     | Found a shadowy altar of Dithmenos.
 15850 | D:10     | Offered knowledge of Static Discharge by Vehumet.
 16043 | D:10     | Noticed Maggie
 16262 | D:10     | Found Jicatzang's Weapon Shop.
 16269 | D:10     | Reached *** piety under Vehumet
 16513 | D:10     | Killed Maggie
 16689 | D:10     | Found a stormy altar of Qazlal.
 16840 | D:11     | Noticed a five-headed hydra
 17998 | Lair:2   | Reached skill level 1 in Fighting
 18053 | Lair:2   | Noticed a seven-headed hydra
 18077 | Lair:1   | Killed a seven-headed hydra
 18078 | Lair:1   | Reached skill level 11 in Conjurations
 18209 | Lair:1   | Offered knowledge of Ignite Poison by Vehumet.
 18268 | Lair:2   | Found a corrupted altar of Lugonu.
 18271 | Lair:2   | Found a one-way gate to the infinite horrors of the Abyss.
 18334 | Lair:2   | Reached skill level 1 in Shields
 19055 | Lair:2   | Found a white marble altar of Elyvilon.
 19434 | Lair:3   | Found a hole to the Spider Nest.
 19504 | Lair:3   | Reached XP level 12. HP: 62/62 MP: 8/22
 19748 | Lair:3   | Reached skill level 5 in Shields
 20837 | Lair:4   | Reached **** piety under Vehumet
 21016 | Lair:4   | Found a staircase to the Snake Pit.
 21027 | Lair:4   | Offered knowledge of Sticky Flame by Vehumet.
 21958 | Lair:5   | Noticed an eight-headed hydra
 22017 | Lair:5   | Noticed a death yak
 22026 | Lair:5   | Noticed a death yak
 22098 | Lair:5   | Reached skill level 12 in Conjurations
 22197 | Lair:5   | Noticed a death yak
 22198 | Lair:5   | Noticed a death yak
 22198 | Lair:5   | Noticed a death yak
 22645 | D:11     | Found a staircase to the Orcish Mines.
 22648 | D:11     | Noticed a two-headed ogre
 22654 | D:11     | Killed a two-headed ogre
 22728 | D:11     | Killed a five-headed hydra
 22951 | D:11     | Reached XP level 13. HP: 62/72 MP: 10/28
 23338 | D:11     | Reached skill level 5 in Fighting
 24086 | D:12     | Reached ***** piety under Vehumet
 24714 | Orc:1    | Entered Level 1 of the Orcish Mines
 24720 | Orc:1    | Noticed an orc warlord
 24721 | Orc:1    | Reached skill level 10 in Spellcasting
 24725 | Orc:1    | Offered knowledge of Olgreb's Toxic Radiance by Vehumet.
 24726 | Orc:1    | Reached skill level 13 in Conjurations
 24730 | Orc:1    | Killed an orc warlord
 24969 | Orc:1    | Found a runed translucent gate.
 24970 | Orc:1    | Found a runed translucent gate.
 24971 | Orc:1    | Found a runed translucent gate.
 24974 | Orc:1    | Noticed grumblor's ghost (journeyman VSFi)
 24974 | Orc:1    | Noticed Lenoorr's ghost (journeyman DDFi)
 25639 | Orc:2    | Entered Level 2 of the Orcish Mines
 25818 | Orc:1    | Noticed Maurice
 25825 | Orc:1    | Killed Maurice
 26020 | Orc:2    | Found a staircase to the Elven Halls.
 26093 | Orc:1    | Learned a level 4 spell: Olgreb's Toxic Radiance
 26324 | Orc:2    | Reached skill level 1 in Poison Magic
 26789 | Orc:2    | Found Goclyolo's Antique Weapon Shop.
 26802 | Orc:2    | Reached skill level 5 in Poison Magic
 27222 | Orc:2    | Found Seudd's Antique Weapon Shop.
 27642 | Orc:2    | Found Vickiohi's General Store.
 27642 | Orc:2    | Found Azez's Antique Weapon Shoppe.
 28004 | D:5      | Killed Eustachio
 28309 | D:8      | Killed Harold
 28744 | Lair:5   | Reached XP level 14. HP: 66/80 MP: 10/30
 28950 | Lair:5   | Identified the amulet "Gohuqaimn" {Reflect *Corrode +Blink
                  | rC+ SH+5}
 29058 | Lair:5   | Offered knowledge of Ozocubu's Refrigeration by Vehumet.
 29157 | Lair:4   | Learned a level 7 spell: Ozocubu's Refrigeration
 30114 | Lair:6   | Entered Level 6 of the Lair of Beasts
 30124 | Lair:6   | Reached skill level 14 in Conjurations
 30402 | Lair:6   | Reached skill level 15 in Dodging
 30844 | Lair:6   | Found a staircase to the Slime Pits.
 31104 | Lair:6   | Reached skill level 15 in Conjurations
 32004 | Lair:6   | Found a large runed translucent door.
 32005 | Lair:6   | Found a large runed translucent door.
 32659 | D:13     | Noticed Nessos
 32668 | D:13     | Killed Nessos
 32669 | D:13     | Reached XP level 15. HP: 84/84 MP: 13/31
 32767 | D:13     | Learned a level 5 spell: Lee's Rapid Deconstruction
 32795 | D:13     | Reached skill level 1 in Earth Magic
 33775 | D:14     | Found a gate leading to a gauntlet.
 33864 | Gauntlet | Entered a Gauntlet
 33864 | Gauntlet | Found a transporter.
 33864 | Gauntlet | Found a transporter.
 33865 | Gauntlet | Found a transporter.
 33868 | Gauntlet | Found a transporter.
 33878 | Gauntlet | Found a transporter.
 33944 | Gauntlet | Found a transporter.
 33954 | Gauntlet | Found a transporter.
 33969 | Gauntlet | Found a transporter.
 33979 | Gauntlet | Found a transporter.
 33994 | Gauntlet | Found a transporter.
 34000 | Gauntlet | Found a transporter.
 34021 | Gauntlet | Found a transporter.
 34092 | Gauntlet | Identified the +0 pair of boots "Peepn" {Will- Str+8 Dex+9
                  | Slay-6}
 34167 | Gauntlet | Reached skill level 5 in Earth Magic
 34316 | Gauntlet | Identified the +7 chain mail "Tupt" {rCorr Str-2 Dex+6}
 34327 | Gauntlet | Got the Collected Works on Confrontation
 35145 | D:14     | Offered knowledge of Starburst by Vehumet.
 35153 | D:14     | Learned a level 6 spell: Starburst
 35163 | D:14     | Learned a level 7 spell: Orb of Destruction
 35252 | D:14     | Reached skill level 16 in Conjurations
 35336 | D:14     | Found a gate to the Vaults.
 35483 | D:14     | Found a portal to a secret trove of treasure.
 35649 | D:14     | Identified a scroll of acquirement
 35650 | D:14     | Acquired the +2 shield of Resistance {rF++ rC++ Will++}
 35650 | D:14     | Found the +2 shield of Resistance {rF++ rC++ Will++}
 36077 | Snake:1  | Entered Level 1 of the Snake Pit
 36082 | Snake:1  | Identified Roxanne's Collected Works on Clay
 36082 | Snake:1  | Noticed Roxanne
 36139 | Snake:1  | Noticed Aizul
 36143 | Snake:1  | Killed Aizul
 36896 | Snake:2  | Noticed a nagaraja
 36901 | Snake:2  | Killed a nagaraja
 38845 | Snake:3  | Found Bailumom's One-of-a-Kind Rings.
 39149 | Snake:3  | Bought a +10 ring of intelligence for 1364 gold pieces
 39751 | Snake:3  | Reached XP level 16. HP: 88/88 MP: 23/32
 39832 | Snake:2  | Reached skill level 10 in Shields
 41118 | Snake:4  | Entered Level 4 of the Snake Pit
 41118 | Snake:4  | Noticed Donald
 41123 | Snake:4  | Killed Donald
 41632 | Snake:4  | Noticed Vashnia
 41917 | Snake:4  | Killed Vashnia
 42825 | Snake:4  | Noticed Mara
 42827 | Snake:4  | Noticed RepHenryClay's illusion
 42828 | Snake:4  | Killed Mara
 42856 | Snake:4  | Offered knowledge of Irradiate by Vehumet.
 44070 | Snake:4  | Identified the +0 chain mail of the Aged Wars {Int+3}
 44961 | Snake:4  | Got a serpentine rune of Zot
 45380 | Snake:4  | Found Madgh's Book Emporium.
 45385 | Snake:4  | Reached XP level 17. HP: 93/93 MP: 21/33
 45443 | Snake:4  | Bought Beitiekh's Tome of Hurtful Heat for 880 gold pieces
 45587 | Spider:1 | Entered Level 1 of the Spider Nest
 45607 | Spider:1 | Noticed Azrael
 45609 | Spider:1 | Killed Azrael
 46280 | Spider:1 | Reached ****** piety under Vehumet
 46285 | Spider:1 | Offered knowledge of Iskenderun's Battlesphere by Vehumet.
 46992 | Spider:2 | Reached skill level 15 in Shields
 47592 | Spider:2 | Identified the +1 robe of Neoph {Rampage rC+ Dex-4}
 47851 | Spider:2 | Reached skill level 17 in Conjurations
 48102 | Spider:2 | Identified the +0 ring mail of Card Tricks {Int+4}
 48322 | Spider:2 | Learned a level 3 spell: Ignite Poison
 48395 | Spider:2 | Offered knowledge of Eringya's Noxious Bog by Vehumet.
 48725 | Spider:2 | Found a runed translucent door.
 48727 | Spider:2 | Noticed BubbleThief's ghost (adept KoBr)
 48732 | Spider:2 | Killed BubbleThief's ghost
 49244 | Spider:3 | Reached skill level 18 in Conjurations
 49918 | Spider:4 | Entered Level 4 of the Spider Nest
 50506 | Orc:2    | Bought a ring of see invisible for 225 gold pieces
 51501 | Spider:4 | Reached skill level 19 in Conjurations
 51771 | Spider:4 | Reached XP level 18. HP: 98/98 MP: 22/34
 52242 | Spider:4 | Offered knowledge of Maxwell's Capacitive Coupling by
                  | Vehumet.
 52483 | Spider:4 | Noticed Louise
 52491 | Spider:4 | Killed Louise
 53801 | Spider:4 | Reached skill level 20 in Conjurations
 55209 | Spider:4 | Got a gossamer rune of Zot
 55647 | D:15     | Entered Level 15 of the Dungeon
 56230 | D:15     | Found a huge runed gate.
 56230 | D:15     | Found a huge runed gate.
 56230 | D:15     | Found a huge runed gate.
 56231 | D:15     | Found a huge runed gate.
 56231 | D:15     | Found a huge runed gate.
 56231 | D:15     | Found a huge runed gate.
 56231 | D:15     | Found a huge runed gate.
 56231 | D:15     | Found a huge runed gate.
 56232 | D:15     | Found a huge runed gate.
 56233 | D:15     | Found a huge runed gate.
 56234 | D:15     | Found a huge runed gate.
 56235 | D:15     | Found a huge runed gate.
 56236 | D:15     | Found a huge runed gate.
 56237 | D:15     | Found a huge runed gate.
 56238 | D:15     | Found a huge runed gate.
 56247 | D:15     | Found a huge runed gate.
 56247 | D:15     | Found a huge runed gate.
 56247 | D:15     | Found a huge runed gate.
 56247 | D:15     | Found a huge runed gate.
 56247 | D:15     | Found a huge runed gate.
 56247 | D:15     | Found a huge runed gate.
 56248 | D:15     | Found a huge runed gate.
 56249 | D:15     | Found a huge runed gate.
 56250 | D:15     | Found a huge runed gate.
 56259 | D:15     | Found a huge runed gate.
 56259 | D:15     | Found a huge runed gate.
 56259 | D:15     | Found a huge runed gate.
 56259 | D:15     | Found a huge runed gate.
 56259 | D:15     | Found a huge runed gate.
 56259 | D:15     | Found a huge runed gate.
 56260 | D:15     | Found a huge runed gate.
 56271 | D:15     | Found a staircase to the Depths.
 56523 | D:15     | Reached skill level 21 in Conjurations
 56618 | D:15     | Found a sacrificial altar of Ru.
 57224 | D:15     | Found a huge runed gate.
 57224 | D:15     | Found a huge runed gate.
 57225 | D:15     | Found a huge runed gate.
 57226 | D:15     | Found a huge runed gate.
 57234 | D:15     | Found a huge runed gate.
 57662 | Elf:1    | Entered Level 1 of the Elven Halls
 57960 | Orc:2    | Learned a level 6 spell: Iron Shot
 58520 | Elf:1    | Found an ancient bone altar of Kikubaaqudgha.
 58809 | Elf:1    | Paralysed by an air elemental for 1 turns
 59854 | Elf:2    | Reached XP level 19. HP: 106/106 MP: 22/37
 59855 | Elf:2    | Offered knowledge of Fire Storm by Vehumet.
 59855 | Elf:2    | Offered knowledge of Shatter by Vehumet.
 59855 | Elf:2    | Offered knowledge of Ignition by Vehumet.
 59880 | Elf:2    | Learned a level 4 spell: Dispel Undead
 60008 | Elf:2    | Noticed Agnes
 60012 | Elf:2    | Killed Agnes
 60089 | Elf:2    | Found a runed translucent gate.
 60090 | Elf:2    | Found a runed translucent gate.
 60090 | Elf:2    | Found a runed translucent gate.
 60191 | Elf:2    | Found a runed translucent gate.
 60191 | Elf:2    | Found a runed translucent gate.
 60191 | Elf:2    | Found a runed translucent gate.
 60192 | Elf:2    | Noticed flotson's ghost (adept DsGl)
 60192 | Elf:2    | Noticed Foxy's ghost (adept SpEn)
 60407 | Elf:3    | Entered Level 3 of the Elven Halls
 60885 | Elf:3    | Found Wuiv's Armour Boutique.
 63316 | Elf:3    | Found the amulet of the Air {Inacc Air Fly rElec RMsl}
 63316 | Elf:3    | Found the +8 demon trident "Rift" {distort, reach+}
 63472 | Elf:3    | Got the Papyrus of the Entourage
 63474 | Elf:3    | Got Siammina's Collected Works on the Vitriolic Rocks
 63476 | Elf:3    | Got the Almanac of the Three Violins
 63499 | Elf:3    | Got the Handbook of Intoxication and the Voyage
 63604 | Elf:3    | Identified the ring "Jurchick" {rPois rF+}
 63614 | Elf:3    | Got Sif Muna's Almanac of Captivating Unholy Rites
 63620 | Elf:3    | Got Ijyrete's Volume of Fiery Feathers
 63622 | Elf:3    | Got the Almanac of Companions
 63628 | Elf:3    | Got the Catalogue of Feathery Toxins
 63972 | Vaults:1 | Entered Level 1 of the Vaults
 64256 | Vaults:1 | Found Afintir's Antique Weapon Boutique.
 64488 | Vaults:1 | Found Fetruf's Assorted Antiques.
 64488 | Vaults:1 | Found Falemmul's Antique Armour Shop.
 64502 | Vaults:1 | Bought a silken robe for 205 gold pieces
 64502 | Vaults:1 | Identified the +1 robe "Gumusm" {Str+7} (You bought it in a
                  | shop on level 1 of the Vaults)
 64507 | Vaults:1 | Bought a pair of embroidered boots for 270 gold pieces
 64637 | Vaults:1 | Found Pumeanu's Jewellery Shop.
 64724 | Vaults:1 | Found Jurgheuh's Antique Armour Boutique.
 64732 | Vaults:1 | Bought a runed scarf for 224 gold pieces
 64936 | Vaults:1 | Reached skill level 15 in Spellcasting
 65022 | Vaults:1 | Found a runed translucent door.
 65022 | Vaults:1 | Noticed Wimurch's ghost (veteran GnFi)
 65124 | Vaults:1 | Upgraded the game from 0.28-a0-1389-gc726bef33b to
                  | 0.28-a0-1395-g4f6bc678fa
 65160 | Vaults:1 | Learned a level 9 spell: Fire Storm
 65168 | Vaults:1 | Learned a level 5 spell: Fireball
 65218 | Vaults:1 | Reached skill level 1 in Fire Magic
 65235 | Vaults:1 | Reached XP level 20. HP: 116/116 MP: 24/41
 65626 | Vaults:1 | Reached skill level 5 in Fire Magic
 66539 | Vaults:2 | Found Ehir's Antique Armour Emporium.
 66576 | Vaults:2 | Bought an opalescent robe for 222 gold pieces
 66576 | Vaults:2 | Identified the +2 robe of Theory {rN++} (You bought it in a
                  | shop on level 2 of the Vaults)
 66624 | Vaults:2 | Found a staircase to the Crypt.
 67846 | Vaults:3 | Reached skill level 10 in Fire Magic
 70288 | Vaults:4 | Found Fenangikh's Assorted Antiques.
 70315 | Vaults:4 | Reached XP level 21. HP: 121/121 MP: 35/42
 70395 | Vaults:4 | Reached skill level 15 in Fire Magic
 70506 | Vaults:4 | Identified the +0 helmet of Plog {Int+4}
 71454 | Vaults:4 | Learned a level 8 spell: Ignition
 71879 | Depths:1 | Entered Level 1 of the Depths
 71879 | Depths:1 | Found a gateway to Hell.
 72119 | Depths:1 | You fall into a shaft and drop 1 floor!
 72482 | Depths:1 | Noticed the Enchantress
 72483 | Depths:1 | Killed the Enchantress
 72988 | Depths:1 | Found Zoosucry's Armour Shop.
 72991 | Depths:1 | Found Naah's Distillery.
 72991 | Depths:1 | Found Turu's Jewellery Boutique.
 72996 | Depths:1 | Found Igexzy's Book Boutique.
 73047 | Depths:1 | Noticed Saint Roka
 73052 | Depths:1 | Killed Saint Roka
 73327 | Depths:1 | Found an ornate altar of the Wu Jian Council.
 73611 | Depths:2 | Found a corrupted altar of Lugonu.
 73916 | Depths:2 | Paralysed by a floating eye for 4 turns
 74128 | Depths:2 | Noticed a juggernaut
 74133 | Depths:2 | Killed a juggernaut
 75162 | Depths:2 | Reached XP level 22. HP: 127/127 MP: 33/43
 75562 | Depths:2 | Found a one-way gate leading to the halls of Pandemonium.
 75759 | Depths:3 | Found a one-way gateway to a ziggurat.
 75820 | Depths:3 | Found a white marble altar of Elyvilon.
 75838 | Depths:3 | Noticed Frederick
 75845 | Depths:3 | Killed Frederick
 76067 | Depths:3 | Noticed Boris
 76069 | Depths:3 | Killed Boris
 76087 | Depths:3 | Killed from afar by a titan

Illustrated notes

Levels and vault maps discovered:
D:1:      dpeg_arrival_another_circle, layout_loops_corners, nicolae_wormholes
D:2:      layout_rooms, shapermc_ecumenical_altar_gd, kennysheep_boxes
D:3:      wander_river, layout_basic, mainiacjoe_overflow_big_doors,
          gup_sewer_entry_bubbles
D:4:      layout_loops_ring, minmay_temple_entry_butterflies,
          serial_bayou_crossing
D:5:      layout_rooms, item_on_display_a, uniq_eustachio
D:6:      layout_basic, nicolae_vehumet_altar_sigil, kennysheep_generic_room_9
D:7:      cheibrodos_quashed, layout_basic, enter_bailey_6, serial_bayou,
          serial_bayou_shore_a, serial_bayou_pond_d, serial_bayou_pond_b,
          serial_bayou_lagoon_a, serial_shops, nicolae_diamond_shop,
          kennysheep_small_circle
D:8:      layout_gridville, erik_lair_orcish_takeover, uniq_harold
D:9:      layout_irregular_city, mainiacjoe_overflow_swirl,
          serial_co_window_serial, co_window_paths_b, co_window_paths_a,
          co_window_corner_a, co_window_paths_a, co_window_cross_1,
          co_window_broadway_c, co_window_corner_b, co_window_broadway_b,
          co_window_broadway_a, co_window_paths_d, glass_columns_b,
          glass_columns_c, glass_columns_b, glass_columns_a, glass_columns_b,
          uniq_joseph
D:10:     layout_basic, kennysheep_little_box, nicolae_qazlal_eye_of_the_storm,
          serial_shops, nicolae_shop_bloodbath_and_beyond, nrook_mini_vaults,
          uniq_maggie
D:11:     layout_basic, orc_0_dummy, serial_ice, serial_ice_d, serial_ice_e,
          serial_ice_i, serial_ice_h, portal_ice_cave_demonic_guard
D:12:     layout_rooms
D:13:     layout_long_grid, lemuel_flame_loot_1, uniq_nessos
D:14:     layout_irregular_city, ximxim_vaults_locker_room,
          trove_entry_hex_spiral, gauntlet_entry_generic,
          corexii_hall_statues_l, minmay_protected_statue
D:15:     gammafunk_depths_entry_grave, layout_layer_cave,
          gammafunk_ghost_door_vault, nicolae_ru_sacrificial_ziggurat
Temple:   regret_index_temple_generic_petals
Lair:1:   hellmonk_ruined_rings, layout_regular_city
Lair:2:   layout_roguey, basic_altar, amcnicky_altar_lugonu_corruption
Lair:3:   layout_hall_layers, spider_nest_entry_web_field, minivault_24,
          chequers_serial_rivers_room_b, grunt_megastairs_3
Lair:4:   layout_cave_pods, minmay_snake_entry_guardpost_small,
          infiniplex_staircase_pool_2
Lair:5:   layout_long_grid, infiniplex_staircase_pool, grunt_megastairs_4
Lair:6:   cheibrodos_lair_end_hotspot, layout_regular_city,
          minmay_slime_entry_jelly_boxes
Snake:1:  layout_onion_interference, uniq_kirke, uniq_aizul, uniq_roxanne
Snake:2:  layout_concentric_octagons
Snake:3:  layout_onion, nicolae_shop_unique_rings, lemuel_fruit_tree
Snake:4:  johnstein_snake_rune_scales, layout_basic, serial_shops,
          nicolae_shop_waterfront, uniq_mara, uniq_vashnia, uniq_donald
Spider:1: layout_cave_pods, nicolae_spider_orb_run, uniq_azrael
Spider:2: layout_cave_pods, special_room [special_room_bee],
          ebering_ghost_reflecting_pool
Spider:3: layout_spider_delve, spiders_nest_hornet_nest,
          hangedman_spider_tarantella_strand
Spider:4: grunt_spider_rune_island, uniq_louise
Orc:1:    layout_caves, gammafunk_ghost_cemetery, uniq_maurice
Orc:2:    st_orc_elflike, layout_caves, basic_altar
Elf:1:    minmay_elf_arrival_plus, layout_gridlike, basic_altar,
          hangedman_elf_disciples, corexii_checkpoint_a, minmay_misc_feat_rows
Elf:2:    nicolae_elf_blades_crystal_corner, layout_gridlike,
          gammafunk_ghost_cemetery, nicolae_elevator_lobby_asterisk, uniq_agnes
Elf:3:    minmay_elf_hall, layout_geoelf_castle, serial_shops,
          nicolae_shop_temple_entry_statues_fountains,
          nicolae_elf_glass_and_crystal_pillar_2
Vaults:1: hellmonk_ghost_happy_afterlife, ontoclasm_vaults_twist, v_misc_1,
          dpeg_vaults_monster_row, v_misc_3, vaults_room_grunt_arrival_ludios,
          ontoclasm_vaults_eye, hangedman_vaults_river_flow,
          grunt_vaults_diagonal, vaults_dpeg_diagonal, layout_vaults_maze,
          serial_shops, shop, shop, shop, shop, nicolae_lakefront_shop
Vaults:2: vaults_room_large_hall, vaults_dpeg_hooks,
          minmay_crypt_entry_simple_round, ontoclasm_vaults_fault,
          nicolae_vaults_murderbox, vaults_room_pools, v_misc_15,
          ontoclasm_vaults_misaligned, v_misc_26, v_misc_27,
          nicolae_vaults_sealed_display, layout_vaults_omnigrid, serial_shops,
          nicolae_shop_competitors_out_of_business
Vaults:3: hangedman_vaults_maws, v_misc_10, vaults_room_stairs_pillars,
          vaults_dpeg_doors, v_alt_pattern_2, hangedman_vaults_cutoff,
          v_pattern_2, nicolae_vaults_mini_display_case,
          nicolae_vaults_display_case, v_alt_pattern_4,
          nicolae_vaults_little_squares_2, vaults_dpeg_cross,
          layout_vaults_omnibox
Vaults:4: hangedman_vaults_slice, ontoclasm_vaults_decontamination,
          nicolae_vaults_meeting, v_misc_24, grunt_vaults_swirl, v_pattern_3,
          v_misc_29, v_rooms_4, vaults_dpeg_spiral, ontoclasm_vaults_gateway,
          vaults_room_pool, layout_vaults_omnicross, serial_shops,
          nicolae_shop_waterfront
Depths:1: layout_forbidden_donut, nicolae_wu_jian_immortal_techniques,
          hell_entry, evilmike_butchery, minmay_shoptagon, serial_bayou_shore_b,
          kennysheep_random_hallway, infiniplex_staircase_pool_lava,
          uniq_saint_roka, uniq_enchantress
Depths:2: minmay_strange_plus, layout_cave_pools, rand_demon_pan_entry_7,
          hell_entry, abyss_entry_flame_altar, roderic_nine_men_s_morris
Depths:3: angbandy_vault, layout_cave_pools, enter_ziggurat_d,
          hangedman_abyss_entry_splay, elyvilon_altar_3, hell_entry,
          minmay_the_grid_square_5x5_3x3_mashed
          [minmay_the_grid_square_5x5_minimal, minmay_the_grid_square_5x5_plus,
          minmay_the_grid_square_5x5_v, minmay_the_grid_square_5x5_corner,
          minmay_the_grid_square_5x5_megaprize_crossed,
          minmay_the_grid_square_5x5_forky, minmay_the_grid_square_5x5_shrine1,
          minmay_the_grid_square_5x5_checkered_sparse,
          minmay_the_grid_square_5x5_minibox], uniq_boris, uniq_frederick

Skill      XL: |  1  2  3  4  5  6  7  8  9 10 11 12 13 14 15 16 17 18 19 20 21 22 |
---------------+-------------------------------------------------------------------+-----
Stealth        | 3 |  3.6
Dodging        | 3 5 9 11 13 16 17 19 | 19.1
Spellcasting   | 4 5 9 10 12 15 | 15.5
Conjurations   | 5 6 8 10 11 12 13 15 16 19 21 | 21.0
Evocations     | 2 5 6 7 |  7.0
Hexes          | 4 5 |  5.2
Necromancy     | 5 |  5.8
Translocations | 5 |  5.8
Fighting       | 2 4 6 7 9 |  9.7
Shields        | 4 6 9 13 15 | 15.0
Poison Magic   | 8 9 |  9.0
Earth Magic    | 7 |  7.6
Fire Magic     | 2 14 19 20 | 20.3

Action                   |  1- 3 |  4- 6 |  7- 9 | 10-12 | 13-15 | 16-18 | 19-21 | 22-24 || total
-------------------------+-------+-------+-------+-------+-------+-------+-------+-------++-------
Melee: Unarmed           |     1 |    17 |     6 |       |       |       |       |       ||    24
       Spear             |       |       |     5 |    22 |       |       |       |       ||    27
       Staff             |       |       |       |     1 |     2 |    19 |    21 |       ||    43
Throw: Dart              |       |    13 |    15 |    29 |     8 |       |       |       ||    65
       Throwing net      |       |       |     1 |       |       |       |       |       ||     1
 Cast: Magic Dart        |    59 |   107 |   131 |    48 |       |       |       |       ||   345
       Searing Ray       |       |    21 |    64 |    53 |     2 |       |       |       ||   140
       Fulminant Prism   |       |       |    13 |    48 |    46 |     1 |       |       ||   108
       Iskenderun's Myst |       |       |     3 |   148 |   260 |    98 |    31 |     1 ||   541
       Sublimation of Bl |       |       |       |     1 |       |       |     4 |       ||     5
       Olgreb's Toxic Ra |       |       |       |       |    86 |   112 |    27 |       ||   225
       Orb of Destructio |       |       |       |       |    52 |   330 |   271 |    24 ||   677
       Lee's Rapid Decon |       |       |       |       |    11 |       |       |       ||    11
       Ignite Poison     |       |       |       |       |       |    13 |    20 |       ||    33
       Iron Shot         |       |       |       |       |       |     4 |    34 |       ||    38
       Starburst         |       |       |       |       |       |       |    61 |       ||    61
       Fire Storm        |       |       |       |       |       |       |    26 |     5 ||    31
       Fireball          |       |       |       |       |       |       |     2 |       ||     2
Evoke: Wand              |       |       |     3 |     5 |     7 |     4 |     4 |       ||    23
       Phantom mirror    |       |       |       |     1 |     1 |       |       |       ||     2
       Lightning rod     |       |       |       |       |     1 |     6 |     3 |       ||    10
       Condenser vane    |       |       |       |       |       |     4 |       |       ||     4
  Use: Scroll            |       |     3 |     8 |    14 |    12 |     7 |     7 |       ||    51
       Potion            |       |       |     2 |     1 |     2 |     3 |       |       ||     8
 Stab: Paralysed         |       |       |     1 |    14 |       |       |       |       ||    15
Armor: Robe              |     3 |    12 |    25 |    29 |    17 |    15 |    12 |       ||   113
Dodge: Dodged            |     9 |    40 |    83 |   172 |    88 |   177 |   124 |     5 ||   698
Block: Buckler           |       |       |       |    18 |    55 |       |       |       ||    73
       Reflection        |       |       |       |       |     7 |    63 |    55 |     1 ||   126
       Kite shield       |       |       |       |       |    18 |   286 |   210 |     3 ||   517

Table legend: (Time is in decaauts)
 A = Elapsed time spent in this place.
 B = Non-inter-level travel time spent in this place.
 C = Inter-level travel time spent in this place.
 D = Time resting spent in this place.
 E = Time spent auto-exploring this place.
 F = Levels seen in this place.
 G = Mean time per level.
                   A        B        C        D        E       F      G
               +--------+--------+--------+--------+--------+-----+--------+
         Total |  76492 |  68749 |   7743 |  16616 |  42285 |  45 | 1699.8 |
       Dungeon |  25547 |  22479 |   3068 |   5435 |  13953 |  15 | 1703.1 |
        Temple |    229 |    215 |     14 |      0 |    210 |   1 |  229.0 |
          Lair |   9563 |   8224 |   1339 |   1968 |   4862 |   6 | 1593.8 |
     Snake Pit |   9073 |   8403 |    670 |   2768 |   4625 |   4 | 2268.2 |
   Spider Nest |   9330 |   8634 |    696 |   3905 |   3641 |   4 | 2332.5 |
  Orcish Mines |   3627 |   2667 |    960 |    389 |   1832 |   2 | 1813.5 |
   Elven Halls |   5842 |   5346 |    496 |    505 |   4032 |   3 | 1947.3 |
        Vaults |   7386 |   7094 |    292 |    326 |   5794 |   4 | 1846.5 |
        Depths |   4165 |   3961 |    204 |    851 |   2535 |   3 | 1388.3 |
         Sewer |    914 |    914 |      0 |    315 |    376 |   1 |  914.0 |
        Bailey |    176 |    176 |      0 |     96 |      0 |   1 |  176.0 |
      Gauntlet |    634 |    634 |      0 |     58 |    423 |   1 |  634.0 |
               +--------+--------+--------+--------+--------+-----+--------+

Top non-repeatable levels by time:
Spider:3: 4201 daAuts
 Snake:3: 3966 daAuts
     D:7: 3404 daAuts
   Elf:3: 3348 daAuts
     D:8: 3078 daAuts
Depths:1: 2556 daAuts
Spider:2: 2494 daAuts
   Orc:2: 2385 daAuts
 Snake:4: 2280 daAuts
Vaults:3: 2074 daAuts
  Lair:4: 2033 daAuts
    D:15: 2011 daAuts
  Lair:6: 1993 daAuts
    D:14: 1971 daAuts
Vaults:2: 1900 daAuts
